 Dungeon Crawl Stone Soup version 0.24-a0-784-g601f8f6d22 (webtiles) character file.

Game seed: 3874619736015275414, levelgen mode: deterministic

54 CryoSword the Digger (level 3, -2/19 HPs)
             Began as a Gargoyle Earth Elementalist on Oct 9, 2019.
             Slain by a goblin
             ... wielding a +0 club
             ... led by Robin
              (5 damage)
             ... on level 2 of the Dungeon.
             The game lasted 00:05:16 (1641 turns).

CryoSword the Digger (Gargoyle Earth Elementalist)  Turns: 1641, Time: 00:05:17

Health: -2/19      AC:  6    Str: 11    XL:     3   Next: 91%
Magic:  4/6        EV: 12    Int: 16    God:
Gold:   96         SH:  0    Dex: 10    Spells: 1/7 levels left

rFire    . . .     SeeInvis .   h - +0 dagger
rCold    . . .     Gourm    .   (no shield)
rNeg     + . .     Faith    .   c - +0 robe
rPois    ∞         Spirit   .   (no helmet)
rElec    +         Reflect  .   m - +0 cloak
rCorr    .         Harm     .   (no gloves)
MR       .....                  (no boots)
Stlth    ++........             (no amulet)
HPRegen  0.06/turn              (no ring)
MPRegen  0.10/turn              (no ring)

@: no status effects
A: negative energy resistance 1, electricity resistance, unbreathing,
petrification resistance, rot immunity, AC +3
a: no special abilities


You were on level 2 of the Dungeon.
You were hungry.

You visited 1 branch of the dungeon, and saw 2 of its levels.

You collected 96 gold pieces.

Inventory:

Hand Weapons
 h - a +0 dagger (weapon)
   (You took it off a goblin on level 1 of the Dungeon)
Missiles
 b - 2 stones (quivered)
 k - 20 poisoned darts
Armour
 c - a +0 robe (worn)
 m - a +0 cloak (worn)
   (You found it on level 1 of the Dungeon)
Jewellery
 f - an uncursed ring of fire
   (You found it on level 1 of the Dungeon)
Scrolls
 g - a scroll of amnesia {unknown}
 i - a scroll of identify {@r1}
 n - a scroll of remove curse {@r2}
Potions
 a - a potion of curing {@q1}
 e - a potion of flight {unknown}
 l - a potion of lignification {unknown}
 o - a potion of berserk rage {unknown}
Comestibles
 d - 4 rations {!d}
 j - a chunk of flesh


   Skills:
 + Level 0.2 Fighting
 - Level 1.5 Dodging
 + Level 3.0 Stealth
 + Level 2.5 Spellcasting
 * Level 0.4 Conjurations
 - Level 0.7 Transmutations
 * Level 4.6 Earth Magic


You had one spell level left.
You knew the following spells:

 Your Spells              Type           Power        Failure   Level  Hunger
a - Sandblast             Erth           ###...       3%          1    #......
b - Passwall              Tmut/Erth      ##......     10%         2    ##.....
c - Stone Arrow           Conj/Erth      ##....       21%         3    ###....

Your spell library contained the following spells:

 Spells                   Type           Power        Failure   Level  Hunger
 Petrify                  Tmut/Erth      ##......     54%         4    #####..
 Lee's Rapid Deconstruct  Erth           ###.......   63%         5    ######.


Dungeon Overview and Level Annotations

Branches:
Dungeon (2/15)

Altars:

Annotations:
D:2 Robin


Innate Abilities, Weirdness & Mutations

You are resistant to torment.
Your stone body is resilient. (AC +3)
You are immune to poison.
You resist negative energy. (rN+)
You are resistant to electric shocks. (rElec)
You can survive without breathing.
You are immune to petrification.
You are immune to rotting.


Message History

You kill the jackal!
b - 4 stones The jackal bites you but does no damage.
You closely miss the jackal. The jackal barely misses you.
You hit the jackal.
The jackal is moderately wounded.
The jackal bites you but does no damage.
You closely miss the jackal.
The jackal is moderately wounded.
The jackal closely misses you.
The jackal bites you but does no damage.
Your magical contamination has completely faded away.
You miss the jackal.
The jackal is moderately wounded.
The jackal misses you.
You hit the jackal.
You kill the jackal!
Your Stealth skill increases to level 3!
You see here a jackal corpse.
You see here a jackal corpse.
You butcher the jackal corpse.
j - 2 chunks of flesh You see here a jackal skeleton.
You start resting.
Eating one of 2 chunks of flesh.
You eat one of the 2 chunks of flesh.
This raw flesh tastes terrible.
Magic restored.
You now have 96 gold pieces (gained 7).
You see here 20 poisoned darts. 3 goblins and Robin come into view.
There are monsters nearby!
There are monsters nearby!
There are monsters nearby!
A goblin comes into view. It is wielding a +0 club.
The goblin shouts!
Robin shouts!
Robin roars a battlecry!
The goblins go into a battle-frenzy!
A goblin comes into view.
The goblin shouts! x2; You hear a shout!
You hit the goblin but do no damage. The goblin barely misses you.
You hit the goblin.
The goblin is moderately wounded.
A goblin comes into view.
The goblin barely misses you. Robin throws the goblin at you!
You closely miss the goblin. The goblin hits you with a +0 club.
You barely miss the goblin. The goblin closely misses you.
The goblin hits you but does no damage. Robin throws the goblin at you!
The goblin misses you.
You barely miss the goblin. The goblin closely misses you.
The goblin hits you with a +0 club. The goblin hits you but does no damage.
You hit the goblin.
The goblin is severely wounded.
The goblin hits you but does no damage. The goblin misses you.
The goblin closely misses you.
You closely miss the goblin.
The goblin is severely wounded.
The goblin hits you but does no damage. The goblin misses you.
The goblin completely misses you.
You hit the goblin.
You kill the goblin!
The goblin closely misses you. The goblin misses you.
Robin points. "Kill!"
The goblin hits you but does no damage.
Things that are here:
a +0 club; a goblin corpse The goblin no longer looks unusually strong.
You see here 20 poisoned darts.
k - 20 poisoned darts The goblin no longer looks unusually strong.
The goblin barely misses you.
Robin roars a battlecry!
The goblins go into a battle-frenzy!
Robin throws the goblin at you! The goblin hits you but does no damage.
You are feeling hungry.
You closely miss the goblin. The goblin hits you with a +0 club.
* * * LOW HITPOINT WARNING * * *
The goblin barely misses you.
You barely miss the goblin. The goblin barely misses you.
The goblin hits you but does no damage.
You closely miss the goblin. The goblin hits you with a +0 club.
* * * LOW HITPOINT WARNING * * *
The goblin barely misses you.
Casting: Sandblast (safe; 3% risk of failure)
Confirm with . or Enter, or press ? or * to list all spells.
Aiming: Sandblast (safe; 3% risk of failure)
Press: ? - help, Shift-Dir - straight line, f - goblin
Aim: a goblin (unusually strong)
The blast of sand misses the goblin.
b - 3 stones The goblin barely misses you.
The goblin hits you.
* * * LOW HITPOINT WARNING * * *
Casting: Sandblast (safe; 3% risk of failure)
Confirm with . or Enter, or press ? or * to list all spells.
Aiming: Sandblast (safe; 3% risk of failure)
Press: ? - help, Shift-Dir - straight line, f/p - goblin
Aim: a goblin (unusually strong)
The blast of sand hits the goblin!
You kill the goblin!
b - 2 stones Robin throws the goblin at you!
The goblin hits you with a +0 club.
You die...

#.# #g#####
#.g...# ###
#####.# ..#
#g# #.# #g#
#.# #g# #.#
#g# #.# #@#
###.##### #g#
#<......# #.#
#.#####.#
#.####.# #.#
#......#
#.#####
#.####.#
#...... #.#
#.#####.#####
#.# #.......#
#.#
#.##.##.#####


You could see Robin and 4 goblins.

Vanquished Creatures
  3 dart slugs (D:1)
  2 leopard geckos (D:1)
  12 goblins
  5 hobgoblins (D:1)
  4 jackals
  3 kobolds (D:1)
  A quokka (D:2)
  2 bats (D:1)
  3 frilled lizards (D:1)
  6 rats (D:1)
41 creatures vanquished.

Notes
Turn   | Place    | Note
-------+----------+-------------------------------------------
     0 | D:1      | CryoSword the Gargoyle Earth Elementalist began the quest
                  | for the Orb.
     0 | D:1      | Reached XP level 1. HP: 10/10 MP: 3/3
   133 | D:1      | Reached XP level 2. HP: 15/15 MP: 3/5
   139 | D:1      | Reached skill level 4 in Earth Magic
   143 | D:1      | Learned a level 2 spell: Passwall
   534 | D:1      | Reached XP level 3. HP: 19/19 MP: 2/6
   630 | D:1      | Learned a level 3 spell: Stone Arrow
  1615 | D:2      | Noticed Robin
  1641 | D:2      | Slain by a goblin

Levels and vault maps discovered:
D:1:      kennysheep_arrival_seaside, layout_loops_ring, minmay_cut_off
D:2:      layout_loops_ring, chequers_ecumenical_altar_simple_redux, uniq_robin,
          uniq_natasha

Skill      XL: |  1  2  3 |
---------------+----------+-----
Earth Magic    | 4 |  4.6
Stealth        | 3 |  3.0
Fighting       | |  0.2
Dodging        | |  1.5
Spellcasting   | |  2.5
Conjurations   | |  0.4
Transmutations | |  0.7

Action                   || total
-------------------------++-------
Melee: Unarmed           ||     5
       Short sword       ||    48
       Dagger            ||    26
 Cast: Sandblast         ||    28
       Stone Arrow       ||     6
  Use: Scroll            ||     3
 Stab: Sleeping          ||     3
  Eat: Chunk             ||     3
Armor: Robe              ||    35
Dodge: Dodged            ||    57

Table legend:
 A = Non-vault XP
 B = Vault XP
 C = Vault XP percentage of total XP
 D = Non-vault monster count
 E = Vault monster count
 F = Vault count percentage of total count
                 A         B        C        D         E       F
            +---------+---------+-------+---------+---------+-------
      Total |      68 |      10 |  12.8 |      35 |       6 |  14.6
            +---------+---------+-------+---------+---------+-------
        D:1 |      60 |       6 |   9.1 |      31 |       4 |  11.4
        D:2 |       8 |       4 |  33.3 |       4 |       2 |  33.3
            +---------+---------+-------+---------+---------+-------
